[Event "10th Iberoamericano-ch 2024"]
[Site "Linares"]
[Date "2024.09.28"]
[Round "6.13"]
[White "Romero Calduch, Sergio"]
[Black "Merario Alarcon, Andres"]
[Result "1-0"]
[Annotator "ChessBase"]
[ECO "D37"]
[WhiteElo "2276"]
[BlackElo "2408"]
[PlyCount "107"]
[EventDate "2024.09.25"]
[EventType "swiss"]
[EventCountry "ESP"]
[SourceTitle "playchess.com"]
[Source "ChessBase"]
[SourceQuality "1"]
[TimeControl "5400+30"]

1. d4 Nf6 2. c4 e6 3. Nf3 d5 4. Nc3 dxc4 5. e3 a6 6. a4 b6 7. Bxc4 Bb7 8. O-O Bb4 9. Qe2 O-O 10. Rd1 Qe7 11. Na2 Bd6 12. Nc3 Bb4 13. Na2 Bd6 14. Nc3 c5 15. e4 cxd4 16. e5 Bxe5 17. Nxe5 dxc3 18. bxc3 Nbd7 19. Nxd7 Nxd7 20. Ba3 Nc5 21. Qe5 Rfc8 22. Bf1 Qf6 23. Qe3 Nxa4 24. c4 Bc6 25. Bd6 Rd8 26. Bc7 Rxd1 27. Rxd1 b5 28. Rd6 Bb7 29. Rd7 Qg6 30. Qa7 Rf8 31. Bd6 Bxg2 32. Bxg2 Qb1+ 33. Bf1 Qg6+ 34. Bg3 bxc4 35. Qd4 Qf6 36. Bxc4 Nc3 37. Qxf6 gxf6 38. Bxa6 Ra8 39. Bc4 Ra4 40. Rc7 Ne4 41. Bf4 Ra8 42. Bh6 Rd8 43. Kg2 Nd6 44. Bd3 Nc8 45. Be2 Nd6 46. Bh5 e5 47. Kf1 Re8 48. Rd7 Re6 49. Kg2 Ne8 50. Rd8 f5 51. Bg4 Rxh6 52. Bxf5 Kg7 53. Rxe8 Kf6 54. Rxe5 1-0

[Event "10th Iberoamericano-ch 2024"]
[Site "Linares"]
[Date "2024.09.28"]
[Round "6.14"]
[White "Iglesias Ferreira, Andres"]
[Black "Matamoros Franco, Carlos S."]
[Result "1/2-1/2"]
[Annotator "ChessBase"]
[ECO "B00"]
[WhiteElo "2285"]
[BlackElo "2404"]
[PlyCount "111"]
[EventDate "2024.09.25"]
[EventType "swiss"]
[EventCountry "ESP"]
[SourceTitle "playchess.com"]
[Source "ChessBase"]
[SourceQuality "1"]
[TimeControl "5400+30"]

1. e4 d6 2. d4 Nf6 3. Nc3 e5 4. Nge2 c6 5. h3 b5 6. a3 h5 7. f4 Nbd7 8. fxe5 dxe5 9. dxe5 Nxe5 10. Qxd8+ Kxd8 11. Bf4 Nfd7 12. O-O-O f6 13. Nd4 Ke7 14. Be2 g6 15. g4 hxg4 16. hxg4 Rxh1 17. Rxh1 Kf7 18. g5 Bg7 19. gxf6 Bxf6 20. Rf1 Bb7 21. Nb3 Re8 22. Nd1 Kg7 23. Ne3 Rh8 24. Ng4 Nxg4 25. Bxg4 Ne5 26. Be6 Rf8 27. Nc5 Bg5 28. Bf5 Bxf4+ 29. Rxf4 Rf7 30. Ne6+ Kg8 31. Ng5 gxf5 32. Nxf7 Kxf7 33. Rxf5+ Ke6 34. Rh5 c5 35. Rh6+ Ke7 36. Rh5 Ke6 37. Rh6+ Ke7 38. Rh7+ Nf7 39. Rh5 Kd6 40. b4 Bxe4 41. Rxc5 Bc6 42. a4 a6 43. a5 Ne5 44. Rc3 Nc4 45. Rh3 Kc7 46. Kd1 Bb7 47. Ke2 Kb8 48. Kd3 Ka7 49. Kd4 Nd6 50. Rh7 Nc4 51. Kc5 Ne3 52. c3 Nc4 53. Re7 Na3 54. Kd6 Nc4+ 55. Kc7 Na3 56. Re6 1/2-1/2

[Event "10th Iberoamericano-ch 2024"]
[Site "Linares"]
[Date "2024.09.28"]
[Round "6.15"]
[White "Escalona Landi, Samid Eduardo"]
[Black "Labiano Hernandez, Juan"]
[Result "1/2-1/2"]
[Annotator "ChessBase"]
[ECO "A09"]
[WhiteElo "2305"]
[BlackElo "2398"]
[PlyCount "152"]
[EventDate "2024.09.25"]
[EventType "swiss"]
[EventCountry "ESP"]
[SourceTitle "playchess.com"]
[Source "ChessBase"]
[SourceQuality "1"]
[TimeControl "5400+30"]

1. Nf3 d5 2. c4 d4 3. g3 Nc6 4. Bg2 e5 5. d3 Bb4+ 6. Nbd2 a5 7. O-O Nf6 8. a3 Be7 9. Rb1 a4 10. Ne1 O-O 11. Nc2 Re8 12. b4 axb3 13. Nxb3 Bf8 14. Bd2 Bg4 15. Nb4 e4 16. dxe4 Rxa3 17. Nd3 Be6 18. Qc2 Ra4 19. Nb2 Ra2 20. Nc1 Ra3 21. Nbd3 Qa8 22. Nf4 Nd7 23. Nxe6 fxe6 24. Nd3 Nc5 25. e5 Ra2 26. Rb2 Rxb2 27. Qxb2 Qa6 28. Ra1 Qxc4 29. Nxc5 Qxc5 30. Qxb7 Nxe5 31. Rc1 Qb6 32. Qxc7 Qxc7 33. Rxc7 Rb8 34. Bh3 Rb1+ 35. Kg2 Rb6 36. f4 Nf7 37. Rc4 d3 38. Kf3 dxe2 39. Kxe2 e5 40. Bg2 exf4 41. Rxf4 Re6+ 42. Kd3 Rd6+ 43. Kc2 g6 44. Ra4 Rd7 45. Ra8 Rd8 46. Ra7 Bh6 47. Ba5 Rc8+ 48. Kb3 Be3 49. Rd7 Rc5 50. Bc3 Rf5 51. Re7 Bc5 52. Re8+ Bf8 53. Ra8 Rb5+ 54. Kc2 Nd6 55. Bc6 Rc5 56. Ba4 Kf7 57. Kd3 Rc7 58. Bb4 Be7 59. Bb3+ Kf6 60. Ra6 Rd7 61. Bc3+ Kg5 62. Bd2+ Kf6 63. Ba4 Rd8 64. Ba5 Rc8 65. Ra7 Kf7 66. Bb4 Rd8 67. Bb3+ Kf8 68. Ke2 Rb8 69. Bxd6 Bxd6 70. Bc2 Rb2 71. Kd3 Be7 72. Ra4 Rb5 73. Ke2 Rh5 74. h4 Rc5 75. Bd3 Re5+ 76. Re4 Rxe4+ 1/2-1/2

[Event "10th Iberoamericano-ch 2024"]
[Site "Linares"]
[Date "2024.09.28"]
[Round "6.16"]
[White "Horcajuelo Rocamora, Martin"]
[Black "Leyva, Hector"]
[Result "1-0"]
[Annotator "ChessBase"]
[ECO "E73"]
[WhiteElo "2394"]
[BlackElo "2296"]
[PlyCount "87"]
[EventDate "2024.09.25"]
[EventType "swiss"]
[EventCountry "ESP"]
[SourceTitle "playchess.com"]
[Source "ChessBase"]
[SourceQuality "1"]
[TimeControl "5400+30"]

1. d4 Nf6 2. c4 g6 3. Nc3 Bg7 4. e4 d6 5. Be2 a6 6. h3 Nc6 7. d5 Na7 8. Be3 O-O 9. a4 e6 10. Nf3 exd5 11. cxd5 Re8 12. Nd2 c6 13. O-O cxd5 14. exd5 Rxe3 15. fxe3 Qe7 16. e4 Nd7 17. Nf3 Ne5 18. Qd2 Bd7 19. Rac1 Rf8 20. Rce1 Nc8 21. Kh1 Nb6 22. b3 Bc8 23. Qg5 Bf6 24. Qe3 Nbd7 25. Nb1 Nxf3 26. Bxf3 Ne5 27. Nd2 Bg5 28. Qd4 Bf4 29. Bd1 Qh4 30. Rxf4 Qxe1+ 31. Rf1 Qh4 32. Nf3 Nxf3 33. Bxf3 f5 34. Rc1 Qe7 35. Re1 Re8 36. Re2 f4 37. Rc2 Qh4 38. Rc7 Qe1+ 39. Qg1 Qg3 40. Qa1 Re5 41. Rxc8+ Kg7 42. Rc1 Kh6 43. Qc3 Rh5 44. Bxh5 1-0

[Event "10th Iberoamericano-ch 2024"]
[Site "Linares"]
[Date "2024.09.28"]
[Round "6.17"]
[White "Noboa Silva, Kevin"]
[Black "Leiva, Gianmarco"]
[Result "1/2-1/2"]
[Annotator "ChessBase"]
[ECO "E49"]
[WhiteElo "2270"]
[BlackElo "2389"]
[PlyCount "141"]
[EventDate "2024.09.25"]
[EventType "swiss"]
[EventCountry "ESP"]
[SourceTitle "playchess.com"]
[Source "ChessBase"]
[SourceQuality "1"]
[TimeControl "5400+30"]

1. d4 Nf6 2. c4 e6 3. Nc3 Bb4 4. e3 O-O 5. Bd3 d5 6. a3 Bxc3+ 7. bxc3 dxc4 8. Bxc4 c5 9. Nf3 Qc7 10. Be2 Nc6 11. O-O Rd8 12. c4 b6 13. Bb2 Ne7 14. Ne5 Bb7 15. Bd3 Ng6 16. Nxg6 hxg6 17. Re1 Rd7 18. h3 Rad8 19. a4 e5 20. a5 cxd4 21. exd4 exd4 22. axb6 axb6 23. Qd2 Nh7 24. Ba3 Qc6 25. f3 Qf6 26. f4 Nf8 27. Bxf8 Rxf8 28. Rab1 Bc8 29. Re5 Rd6 30. c5 bxc5 31. Rxc5 Bf5 32. Rb3 Re8 33. Qf2 Rdd8 34. Rcb5 Bxd3 35. Rxd3 Qa6 36. Qb2 Re1+ 37. Kh2 Qd6 38. Qd2 Re4 39. Rf3 Rde8 40. Qb4 Qf6 41. Rb6 Qf5 42. Rb8 Qd5 43. Qb5 Qxb5 44. Rxb5 Rd8 45. Rbb3 Kf8 46. Kg3 Re2 47. Rfd3 Re4 48. Kf3 f5 49. Rb7 Rd6 50. Ra7 Kg8 51. Rb7 Kh7 52. Rb8 Rd7 53. Ra8 Re1 54. Ra4 Re4 55. Ra8 g5 56. fxg5 Kg6 57. g4 Kxg5 58. h4+ Kxh4 59. gxf5 Re1 60. Ra4 Rf1+ 61. Kg2 Rf4 62. Ra6 Kg4 63. Rg3+ Kxf5 64. Rag6 d3 65. R3g5+ Ke4 66. Re6+ Kd4 67. Ra5 d2 68. Ra1 Re4 69. Rd1 Kd3 70. Rxd2+ Kxd2 71. Rxe4 1/2-1/2

[Event "10th Iberoamericano-ch 2024"]
[Site "Linares"]
[Date "2024.09.28"]
[Round "6.18"]
[White "Perea Fruet, Lorenzo"]
[Black "Moral Garcia, Serafin"]
[Result "1/2-1/2"]
[Annotator "ChessBase"]
[ECO "B40"]
[WhiteElo "2389"]
[BlackElo "2262"]
[PlyCount "80"]
[EventDate "2024.09.25"]
[EventType "swiss"]
[EventCountry "ESP"]
[SourceTitle "playchess.com"]
[Source "ChessBase"]
[SourceQuality "1"]
[TimeControl "5400+30"]

1. e4 c5 2. Nf3 e6 3. d3 Nc6 4. g3 d6 5. Bg2 Nf6 6. O-O Be7 7. Re1 O-O 8. c3 Bd7 9. d4 cxd4 10. cxd4 d5 11. e5 Ne4 12. Nc3 Nxc3 13. bxc3 Na5 14. Qd3 a6 15. h4 Bb5 16. Qc2 Rc8 17. Ng5 Bxg5 18. hxg5 Qc7 19. Re3 Nc4 20. Rf3 Qa5 21. g4 Qa4 22. Qxa4 Bxa4 23. Bf1 Bc2 24. Bd3 Bxd3 25. Rxd3 f6 26. exf6 gxf6 27. Rf3 fxg5 28. Rxf8+ Kxf8 29. Bxg5 Nd6 30. Bh6+ Kf7 31. Kg2 Rxc3 32. Rh1 Ne4 33. a4 b5 34. axb5 axb5 35. Be3 Nf6 36. Kf3 Kg7 37. Rb1 h5 38. gxh5 Nxh5 39. Rxb5 Kg6 40. Rb8 Rc7 1/2-1/2

[Event "10th Iberoamericano-ch 2024"]
[Site "Linares"]
[Date "2024.09.28"]
[Round "6.19"]
[White "Masague Artero, Guerau"]
[Black "Prado Lobo, Jonas"]
[Result "1/2-1/2"]
[Annotator "ChessBase"]
[ECO "A07"]
[WhiteElo "2251"]
[BlackElo "2385"]
[PlyCount "28"]
[EventDate "2024.09.25"]
[EventType "swiss"]
[EventCountry "ESP"]
[SourceTitle "playchess.com"]
[Source "ChessBase"]
[SourceQuality "1"]
[TimeControl "5400+30"]

1. Nf3 d5 2. g3 g6 3. Bg2 Bg7 4. c4 dxc4 5. Qa4+ Nc6 6. O-O e5 7. Nxe5 Bxe5 8. Bxc6+ bxc6 9. Qxc6+ Bd7 10. Qe4 f6 11. f4 Bf5 12. Qc6+ Bd7 13. Qe4 Bf5 14. Qc6+ Bd7 1/2-1/2

[Event "10th Iberoamericano-ch 2024"]
[Site "Linares"]
[Date "2024.09.28"]
[Round "6.20"]
[White "Vega Gutierrez, Sabrina"]
[Black "Prado Acebo, Ines"]
[Result "1-0"]
[Annotator "ChessBase"]
[ECO "B53"]
[WhiteElo "2374"]
[BlackElo "2189"]
[PlyCount "91"]
[EventDate "2024.09.25"]
[EventType "swiss"]
[EventCountry "ESP"]
[SourceTitle "playchess.com"]
[Source "ChessBase"]
[SourceQuality "1"]
[TimeControl "5400+30"]

1. e4 c5 2. Nf3 d6 3. d4 cxd4 4. Qxd4 Nc6 5. Bb5 Bd7 6. Bxc6 Bxc6 7. Nc3 Nf6 8. Bg5 e6 9. O-O-O Be7 10. Qd3 Qa5 11. h4 h6 12. Bd2 Qa6 13. Qxa6 bxa6 14. Rde1 e5 15. h5 Ng4 16. Rh3 Bd8 17. Nh2 Nf6 18. Nf1 Bd7 19. Rd3 Bb6 20. Be3 Bc7 21. Ng3 Ng4 22. Nf5 Bxf5 23. exf5 Nf6 24. Red1 O-O 25. Nd5 Nxd5 26. Rxd5 Rab8 27. R1d3 Rb4 28. Rc3 Bb6 29. Rxd6 Bxe3+ 30. Rxe3 Rf4 31. f3 Rxf5 32. g4 Rf4 33. Rxa6 f5 34. Rxe5 fxg4 35. fxg4 Rf1+ 36. Kd2 Rd8+ 37. Kc3 Rf3+ 38. Kb4 Rd4+ 39. Ka5 Rff4 40. b3 Rd2 41. Rc5 Rxg4 42. Rxa7 Kh7 43. a4 Rd6 44. Kb5 Rd8 45. Rb7 Rg5 46. a5 1-0

[Event "10th Iberoamericano-ch 2024"]
[Site "Linares"]
[Date "2024.09.28"]
[Round "6.21"]
[White "Goncalves, Samuel Jesus P"]
[Black "Panelo, Marcelo"]
[Result "1/2-1/2"]
[Annotator "ChessBase"]
[ECO "B22"]
[WhiteElo "2169"]
[BlackElo "2364"]
[PlyCount "89"]
[EventDate "2024.09.25"]
[EventType "swiss"]
[EventCountry "ESP"]
[SourceTitle "playchess.com"]
[Source "ChessBase"]
[SourceQuality "1"]
[TimeControl "5400+30"]

1. e4 c5 2. c3 d5 3. exd5 Qxd5 4. d4 Nc6 5. Nf3 Bf5 6. Be3 cxd4 7. Nxd4 Nxd4 8. Qxd4 Nf6 9. Na3 Qxd4 10. Bxd4 e5 11. Bxe5 Bxa3 12. bxa3 O-O-O 13. Bd4 Rhe8+ 14. Kd2 Ne4+ 15. Kc1 a6 16. f3 Nd6 17. Kb2 Nb5 18. Bxb5 axb5 19. Rhe1 Bd3 20. Kb3 Kd7 21. Bxg7 Bc4+ 22. Kb4 Rxe1 23. Rxe1 Ra8 24. Kc5 Rxa3 25. Bf6 b6+ 26. Kxb6 Rxa2 27. Kc5 Re2 28. Rxe2 Bxe2 29. Kd5 Bf1 30. g4 Be2 31. Ke4 Ke6 32. Bg7 f6 33. Bf8 Kf7 34. Bc5 Bd1 35. Bd4 Bc2+ 36. Kf4 Bd1 37. Kg3 Be2 38. h3 Kg6 39. h4 Bd1 40. f4 f5 41. h5+ Kf7 42. gxf5 Bxh5 43. Kh4 Be2 44. Kg5 h5 45. Be5 1/2-1/2

[Event "10th Iberoamericano-ch 2024"]
[Site "Linares"]
[Date "2024.09.28"]
[Round "6.22"]
[White "Lorente Serrano, Rosa Adela"]
[Black "Sos Andreu, Eric"]
[Result "0-1"]
[Annotator "ChessBase"]
[ECO "A13"]
[WhiteElo "2087"]
[BlackElo "2359"]
[PlyCount "82"]
[EventDate "2024.09.25"]
[EventType "swiss"]
[EventCountry "ESP"]
[SourceTitle "playchess.com"]
[Source "ChessBase"]
[SourceQuality "1"]
[TimeControl "5400+30"]

1. c4 e6 2. Nf3 Nf6 3. g3 d5 4. Bg2 d4 5. b4 a5 6. b5 Bc5 7. O-O O-O 8. a4 Re8 9. d3 e5 10. Nbd2 Nbd7 11. Nb3 Bb4 12. e4 Nc5 13. Nxc5 Bxc5 14. Nh4 Be6 15. h3 Nd7 16. Nf5 g6 17. Nh6+ Kg7 18. Ra2 c6 19. Ng4 h5 20. Nh6 cxb5 21. axb5 f6 22. g4 hxg4 23. Nxg4 g5 24. h4 Rh8 25. hxg5 fxg5 26. f3 Qe8 27. Qe1 Qh5 28. Qg3 Bd6 29. Kf2 Raf8 30. Ke1 b6 31. Nf2 Kf7 32. Rh1 Qg6 33. Rxh8 Rxh8 34. Nh3 Bxh3 35. Bxh3 Nc5 36. Rg2 Nxd3+ 37. Kd2 Nf4 38. Bf5 Qh5 39. Rf2 Bb4+ 40. Kc2 Be1 41. Bg4 Qh6 0-1

[Event "10th Iberoamericano-ch 2024"]
[Site "Linares"]
[Date "2024.09.28"]
[Round "6.23"]
[White "Garcia Fernandez, Victor"]
[Black "Rodriguez Redondo, Adhara"]
[Result "1-0"]
[Annotator "ChessBase"]
[ECO "D10"]
[WhiteElo "2353"]
[BlackElo "2184"]
[PlyCount "79"]
[EventDate "2024.09.25"]
[EventType "swiss"]
[EventCountry "ESP"]
[SourceTitle "playchess.com"]
[Source "ChessBase"]
[SourceQuality "1"]
[TimeControl "5400+30"]

1. c4 c6 2. d4 d5 3. cxd5 cxd5 4. Bf4 Nc6 5. e3 Nf6 6. Bd3 e5 7. Bxe5 Nxe5 8. dxe5 Nd7 9. e6 Bb4+ 10. Nc3 fxe6 11. Qh5+ Kf8 12. Nf3 Nf6 13. Qh4 Bd6 14. O-O Bd7 15. Bb5 Bxb5 16. Nxb5 Ne4 17. Qg4 Qf6 18. Nfd4 Re8 19. f3 h5 20. fxe4 Bxh2+ 21. Kxh2 hxg4+ 22. Kg3 dxe4 23. Nc7 Rc8 24. Ncxe6+ Ke7 25. Rxf6 gxf6 26. Nf4 Kf7 27. Nd5 Rc5 28. Nc3 f5 29. Ncb5 Rd5 30. Rc1 Kg6 31. Rc7 Rh7 32. Rc8 a6 33. Nc3 Rd6 34. Rg8+ Kf7 35. Rg5 Rxd4 36. exd4 Kf6 37. Kf4 Rh2 38. Rxf5+ Ke6 39. Re5+ Kd7 40. Kxe4 1-0

[Event "10th Iberoamericano-ch 2024"]
[Site "Linares"]
[Date "2024.09.28"]
[Round "6.24"]
[White "Marin Ferragut, Pau"]
[Black "Rodriguez Lopez, Rafael"]
[Result "1-0"]
[Annotator "ChessBase"]
[ECO "B41"]
[WhiteElo "2348"]
[BlackElo "2162"]
[PlyCount "131"]
[EventDate "2024.09.25"]
[EventType "swiss"]
[EventCountry "ESP"]
[SourceTitle "playchess.com"]
[Source "ChessBase"]
[SourceQuality "1"]
[TimeControl "5400+30"]

1. e4 c5 2. Nf3 e6 3. d4 cxd4 4. Nxd4 a6 5. c4 Nf6 6. Nc3 Qc7 7. a3 b6 8. Bd3 Bb7 9. O-O Bc5 10. Nf3 Nc6 11. Qe2 Ng4 12. g3 Nge5 13. Nxe5 Nxe5 14. Bf4 d6 15. Rad1 Bd4 16. Nb1 Nxd3 17. Rxd3 e5 18. Nd2 Bxb2 19. Be3 Bd4 20. Bxd4 exd4 21. Rxd4 O-O 22. Qd3 Rae8 23. Rd1 Re6 24. Nf3 Qe7 25. Nd2 Re8 26. Rb1 f5 27. exf5 Re1+ 28. Rxe1 Qxe1+ 29. Nf1 Be4 30. Qd2 Bxf5 31. g4 Qa1 32. Rf4 Bg6 33. Qd5+ Kh8 34. Qxd6 Kg8 35. Qd5+ Kh8 36. Qd6 Kg8 37. Kg2 Qb1 38. Ng3 h6 39. h4 Qd3 40. Qxb6 Bf7 41. Qd4 Qxd4 42. Rxd4 Rc8 43. Nf5 Rxc4 44. Rxc4 Bxc4 45. Kf3 Be6 46. Ke4 Kf7 47. Ke5 Bd7 48. f4 Ba4 49. Nd6+ Ke7 50. f5 Bd1 51. g5 hxg5 52. hxg5 Bb3 53. Ne4 a5 54. Ng3 a4 55. Nh5 Kf7 56. g6+ Kf8 57. Kf4 Bc2 58. Kg5 Bb3 59. f6 gxf6+ 60. Nxf6 Kg7 61. Nh5+ Kf8 62. Kh6 Ke7 63. Nf4 Kf6 64. g7 Bg8 65. Nd3 Bb3 66. Nc5 1-0

[Event "10th Iberoamericano-ch 2024"]
[Site "Linares"]
[Date "2024.09.28"]
[Round "6.25"]
[White "Jimenez Fernandez, Rebeca"]
[Black "Vitier Vazquez, Cristian"]
[Result "1/2-1/2"]
[Annotator "ChessBase"]
[ECO "B40"]
[WhiteElo "2097"]
[BlackElo "2344"]
[PlyCount "81"]
[EventDate "2024.09.25"]
[EventType "swiss"]
[EventCountry "ESP"]
[SourceTitle "playchess.com"]
[Source "ChessBase"]
[SourceQuality "1"]
[TimeControl "5400+30"]

1. e4 c5 2. Nf3 e6 3. d4 cxd4 4. Nxd4 Nf6 5. Nc3 Nc6 6. Ndb5 Bb4 7. a3 Bxc3+ 8. Nxc3 d5 9. exd5 exd5 10. Bd3 O-O 11. O-O Bg4 12. f3 Bh5 13. Bg5 Qb6+ 14. Kh1 Ne4 15. Nxe4 dxe4 16. Bxe4 Qxb2 17. Qb1 Qb6 18. Qxb6 axb6 19. Rfb1 Bg6 20. Bxc6 bxc6 21. Rxb6 Bxc2 22. Rxc6 Ba4 23. Rc7 Rfe8 24. Be7 h6 25. Kg1 Kh7 26. Bb4 Bb3 27. Kf2 Kg6 28. Rb1 Be6 29. Rd1 Reb8 30. Rd2 Re8 31. f4 Bb3 32. Rd6+ Kh7 33. Kf3 Rab8 34. Rd3 Ba2 35. Rd2 Be6 36. f5 Bb3 37. Rd3 Ba2 38. Rd2 Bb3 39. Rd3 Ba2 40. Rd2 Bb3 41. Rd3 1/2-1/2

[Event "10th Iberoamericano-ch 2024"]
[Site "Linares"]
[Date "2024.09.28"]
[Round "6.26"]
[White "Ruiz Buendia, Miguel"]
[Black "Fernandez Sanchez, Fernando Miguel"]
[Result "1-0"]
[Annotator "ChessBase"]
[ECO "C78"]
[WhiteElo "2269"]
[BlackElo "2399"]
[PlyCount "71"]
[EventDate "2024.09.25"]
[EventType "swiss"]
[EventCountry "ESP"]
[SourceTitle "playchess.com"]
[Source "ChessBase"]
[SourceQuality "1"]
[TimeControl "5400+30"]

1. e4 e5 2. Nf3 Nc6 3. Bb5 a6 4. Ba4 Nf6 5. O-O b5 6. Bb3 Bc5 7. a4 Rb8 8. axb5 axb5 9. Nxe5 Nxe5 10. d4 Bxd4 11. Qxd4 d6 12. f4 Nc6 13. Qc3 Ne7 14. Ra7 Rb7 15. Ra8 O-O 16. Qf3 Nd7 17. f5 Kh8 18. f6 Nxf6 19. Bg5 Neg8 20. c4 bxc4 21. Bxc4 Rxb2 22. Qa3 Rb6 23. Nc3 Qe8 24. Be3 Rc6 25. Qa4 Nxe4 26. Rxc8 Qxc8 27. Nxe4 Rxc4 28. Qxc4 f6 29. Rc1 Qa8 30. Ng3 Qa3 31. Rc3 Qa1+ 32. Rc1 Qa3 33. Bf2 Rf7 34. Rc3 Qa1+ 35. Rc1 Qa3 36. Rb1 1-0

[Event "10th Iberoamericano-ch 2024"]
[Site "Linares"]
[Date "2024.09.28"]
[Round "6.27"]
[White "Garcia, Jhoel"]
[Black "Suarez Gomez, Paula"]
[Result "1/2-1/2"]
[Annotator "ChessBase"]
[ECO "C07"]
[WhiteElo "2360"]
[BlackElo "2111"]
[PlyCount "49"]
[EventDate "2024.09.25"]
[EventType "swiss"]
[EventCountry "ESP"]
[SourceTitle "playchess.com"]
[Source "ChessBase"]
[SourceQuality "1"]
[TimeControl "5400+30"]

1. e4 e6 2. d4 d5 3. Nd2 c5 4. exd5 Qxd5 5. Ngf3 cxd4 6. Bc4 Qd7 7. O-O Nc6 8. Nb3 a6 9. a4 Nf6 10. Qe2 Be7 11. Rd1 Qc7 12. Nbxd4 O-O 13. Nxc6 Qxc6 14. Bg5 h6 15. Ne5 Qc5 16. Bf4 Re8 17. Rd3 Bd7 18. Rxd7 Nxd7 19. Nxf7 Nf8 20. Bxe6 Nxe6 21. Nxh6+ Kh8 22. Nf7+ Kg8 23. Nh6+ Kh8 24. Nf7+ Kg8 25. Nh6+ 1/2-1/2

[Event "10th Iberoamericano-ch 2024"]
[Site "Linares"]
[Date "2024.09.28"]
[Round "6.29"]
[White "Garzon Zapatanga, Christopher Leonel"]
[Black "Domingo Nunez, Alejandro"]
[Result "1-0"]
[Annotator "ChessBase"]
[ECO "B06"]
[WhiteElo "2216"]
[BlackElo "2328"]
[PlyCount "55"]
[EventDate "2024.09.25"]
[EventType "swiss"]
[EventCountry "ESP"]
[SourceTitle "playchess.com"]
[Source "ChessBase"]
[SourceQuality "1"]
[TimeControl "5400+30"]

1. e4 g6 2. d4 Bg7 3. Nc3 c6 4. Be3 d5 5. e5 f6 6. f4 Nh6 7. Nf3 Bg4 8. Be2 O-O 9. Qd2 Nf5 10. Bf2 Bh6 11. g3 Bxf3 12. Bxf3 Nd7 13. Qe2 fxe5 14. dxe5 e6 15. O-O-O g5 16. g4 Ne7 17. f5 exf5 18. Kb1 Bg7 19. Bd4 fxg4 20. Bxg4 Ng6 21. h4 Ndxe5 22. Be6+ Kh8 23. hxg5 Qxg5 24. Rdg1 Qe7 25. Qh5 Bf6 26. Bf5 Nh4 27. Bxe5 Nxf5 28. Qxf5 1-0

[Event "10th Iberoamericano-ch 2024"]
[Site "Linares"]
[Date "2024.09.28"]
[Round "6.30"]
[White "Ontanon Gomez, Pablo"]
[Black "Ticona Rocabado, Licael Roderick"]
[Result "0-1"]
[Annotator "ChessBase"]
[ECO "C00"]
[WhiteElo "2118"]
[BlackElo "2321"]
[PlyCount "136"]
[EventDate "2024.09.25"]
[EventType "swiss"]
[EventCountry "ESP"]
[SourceTitle "playchess.com"]
[Source "ChessBase"]
[SourceQuality "1"]
[TimeControl "5400+30"]

1. e4 e6 2. Qe2 c5 3. b3 Nc6 4. Bb2 d5 5. exd5 Qxd5 6. Nc3 Qd7 7. Nf3 Nf6 8. O-O-O a6 9. g4 Nd4 10. Nxd4 cxd4 11. Ne4 Be7 12. Nxf6+ Bxf6 13. Qe4 Qd6 14. g5 Bxg5 15. Qxd4 Qxd4 16. Bxd4 f6 17. Bg2 Kd7 18. Be3 Bxe3 19. dxe3+ Kc7 20. Rd4 Rd8 21. Rc4+ Kb8 22. Rd1 Rxd1+ 23. Kxd1 e5 24. f4 exf4 25. exf4 Ra7 26. Re4 b5 27. Re8 Rd7+ 28. Ke2 f5 29. Ke3 b4 30. Bf1 Kc7 31. Bd3 g6 32. h4 h5 33. Bc4 Rd1 34. Re7+ Kd8 35. Rg7 Re1+ 36. Be2 Bd7 37. Rxg6 Bb5 38. Rg2 Bc6 39. Kd2 Rh1 40. Rg5 Rxh4 41. Rxf5 Be8 42. Bxa6 Rh2+ 43. Be2 h4 44. Ke3 h3 45. Rd5+ Ke7 46. Re5+ Kf8 47. Rf5+ Ke7 48. Re5+ Kf8 49. Rf5+ Kg7 50. Rg5+ Kf6 51. Rg1 Bd7 52. Bd3 Be8 53. Be4 Bh5 54. Re1 Bg4 55. Bf3 Bxf3 56. Kxf3 Rxc2 57. Rh1 h2 58. Kg3 Kf5 59. Re1 Re2 60. Rh1 Rxa2 61. Re1 Re2 62. Rf1 Rb2 63. Re1 Rxb3+ 64. Kxh2 Kxf4 65. Re8 Rb2+ 66. Kg1 b3 67. Kf1 Rc2 68. Rf8+ Ke5 0-1

[Event "10th Iberoamericano-ch 2024"]
[Site "Linares"]
[Date "2024.09.28"]
[Round "6.31"]
[White "Blanco Acevedo, Cristobal Jose"]
[Black "Gavarrete, Joel"]
[Result "1-0"]
[Annotator "ChessBase"]
[ECO "A46"]
[WhiteElo "2301"]
[BlackElo "2059"]
[PlyCount "51"]
[EventDate "2024.09.25"]
[EventType "swiss"]
[EventCountry "ESP"]
[SourceTitle "playchess.com"]
[Source "ChessBase"]
[SourceQuality "1"]
[TimeControl "5400+30"]

1. d4 Nf6 2. Nf3 e6 3. Bg5 Be7 4. Nbd2 d5 5. e3 O-O 6. Bd3 c5 7. c3 Nbd7 8. O-O b6 9. e4 dxe4 10. Nxe4 Bb7 11. Ng3 cxd4 12. cxd4 Nd5 13. Bd2 N7f6 14. a3 Qd6 15. Ne5 Rac8 16. Qe2 Qb8 17. Rad1 Bd6 18. f4 Ne7 19. f5 Nxf5 20. Nxf5 exf5 21. Rxf5 Bxe5 22. dxe5 Nd5 23. e6 Qd6 24. Rxf7 Rxf7 25. exf7+ Kxf7 26. Qh5+ 1-0

[Event "10th Iberoamericano-ch 2024"]
[Site "Linares"]
[Date "2024.09.28"]
[Round "6.32"]
[White "Bendayan Claros, Aaron"]
[Black "Giron, Jorge Ernesto"]
[Result "1/2-1/2"]
[Annotator "ChessBase"]
[ECO "D34"]
[WhiteElo "2200"]
[BlackElo "2276"]
[PlyCount "112"]
[EventDate "2024.09.25"]
[EventType "swiss"]
[EventCountry "ESP"]
[SourceTitle "playchess.com"]
[Source "ChessBase"]
[SourceQuality "1"]
[TimeControl "5400+30"]

1. d4 Nf6 2. c4 e6 3. Nc3 d5 4. Nf3 c5 5. cxd5 exd5 6. g3 Nc6 7. Bg2 Be7 8. O-O cxd4 9. Nxd4 O-O 10. Be3 Be6 11. Nxc6 bxc6 12. Na4 Qd7 13. Bc5 Bh3 14. Bxe7 Bxg2 15. Kxg2 Qxe7 16. Qc2 Rab8 17. Nc5 h5 18. Rac1 h4 19. b3 g6 20. Rfe1 Rfe8 21. Qc3 Qd6 22. Qd4 hxg3 23. hxg3 a5 24. e4 Rb4 25. Rc4 Nh5 26. Rxb4 axb4 27. e5 Qb8 28. Nd3 Ng7 29. Qxb4 Qa7 30. a4 Rb8 31. Qc5 Qa8 32. Nf4 Rxb3 33. e6 fxe6 34. Nxe6 Qe8 35. Qd6 Rb7 36. Re5 Nf5 37. Qc5 Re7 38. Nc7 Qd7 39. Rxe7 Nxe7 40. Na6 Qe6 41. Qe3 Qxe3 42. fxe3 Nc8 43. Nc5 Kf7 44. Kf3 Ke7 45. Kf4 Kd6 46. Nb7+ Kc7 47. Nc5 Kd6 48. Nb3 c5 49. Kg5 Nb6 50. a5 Nc4 51. a6 Kc6 52. a7 Kb7 53. Nxc5+ Kxa7 54. Kf4 g5+ 55. Kf3 Ne5+ 56. Ke2 Kb6 1/2-1/2

[Event "10th Iberoamericano-ch 2024"]
[Site "Linares"]
[Date "2024.09.28"]
[Round "6.33"]
[White "Pastor Carvajal, Jeigoth"]
[Black "Mingarro Carceller, Sergi"]
[Result "0-1"]
[Annotator "ChessBase"]
[ECO "B23"]
[WhiteElo "2120"]
[BlackElo "2273"]
[PlyCount "62"]
[EventDate "2024.09.25"]
[EventType "swiss"]
[EventCountry "ESP"]
[SourceTitle "playchess.com"]
[Source "ChessBase"]
[SourceQuality "1"]
[TimeControl "5400+30"]

1. e4 c5 2. Nc3 Nc6 3. f4 g6 4. Nf3 Bg7 5. a4 b6 6. Bc4 e6 7. e5 Nge7 8. Nb5 O-O 9. c3 Nf5 10. d4 a6 11. Na3 Bb7 12. O-O cxd4 13. cxd4 b5 14. Be2 Qb6 15. Nc2 b4 16. g4 b3 17. gxf5 bxc2 18. Qd2 exf5 19. a5 Qa7 20. Ra4 d6 21. Kg2 Rad8 22. d5 dxe5 23. Qxc2 Rxd5 24. Bc4 Rd7 25. Kg3 exf4+ 26. Bxf4 Nd4 27. Nxd4 Rxd4 28. Re1 g5 29. Bxf7+ Rxf7 30. Rxd4 Qxd4 31. Re8+ Bf8 0-1